 Dungeon Crawl Stone Soup version 0.22-a0-248-gc8378ba (webtiles) character file.

49 sankara the Cudgeler (level 3, -1/30 HPs)
             Began as a Hill Orc Skald on Feb 28, 2018.
             Slain by a sky beast (5 damage)
             ... on level 2 of the Dungeon.
             The game lasted 00:07:25 (1805 turns).

sankara the Cudgeler (Hill Orc Skald)               Turns: 1805, Time: 00:07:25

Health: -1/30      AC:  4    Str: 13    XL:     3   Next: 77%
Magic:  0/6        EV: 11    Int: 14    God:
Gold:   57         SH:  0    Dex: 10    Spells: 3/6 levels left

rFire    . . .     SeeInvis .   a - +0 mace
rCold    . . .     Gourm    .   (no shield)
rNeg     . . .     Faith    .   b - +0 leather armour
rPois    .         Spirit   .   (no helmet)
rElec    .         Reflect  .   (no cloak)
rCorr    .         Harm     .   i - +0 pair of gloves
MR       .....                  (no boots)
Stlth    +.........             (no amulet)
HPRegen  0.10/turn              (no ring)
MPRegen  0.10/turn              (no ring)

@: infused (expiring)
A: no striking features
a: no special abilities


You were on level 2 of the Dungeon.
You were near starving.

You visited 1 branch of the dungeon, and saw 2 of its levels.

You collected 57 gold pieces.

Inventory:

Hand Weapons
 a - a +0 mace (weapon)
 h - a +0 hunting sling
   (You found it on level 2 of the Dungeon)
Armour
 b - a +0 leather armour (worn)
 i - a +0 pair of gloves (worn)
   (You found it on level 1 of the Dungeon)
Scrolls
 e - 2 scrolls of teleportation {unknown}
 f - a scroll of remove curse {unknown}
 j - a scroll of magic mapping {unknown}
 k - a scroll of fog {unknown}
Potions
 d - 2 potions of magic {unknown}
 g - a potion of cancellation {unknown}
Comestibles
 c - 3 rations


   Skills:
 - Level 2.4 Fighting
 * Level 3.5 Maces & Flails
 - Level 1.1 Armour
 - Level 1.5 Dodging
 + Level 2.0 Spellcasting
 + Level 3.0 Charms


You had 3 spell levels left.
You knew the following spells:

 Your Spells              Type           Power        Failure   Level  Hunger
a - Infusion              Chrm           ##..         9%          1    ##.....
b - Song of Slaying       Chrm           ##......     13%         2    ###....


Dungeon Overview and Level Annotations

Branches:
Dungeon (2/15)

Altars:


Message History

You closely miss the jackal. The jackal barely misses you. x3
You hit the jackal.
The jackal is heavily wounded.
The jackal bites you.
The jackal bites you but does no damage. x2
The jackal bites you.
The jackal bites you but does no damage. x2
You miss the jackal.
The jackal is heavily wounded.
The jackal closely misses you. The jackal bites you.
The jackal bites you but does no damage. x2
You closely miss the jackal.
The jackal is heavily wounded.
The jackal closely misses you. The jackal bites you. x3
The jackal barely misses you. The jackal closely misses you.
You are too injured to fight recklessly!
You are too injured to fight recklessly!
You are too injured to fight recklessly!
You are too injured to fight recklessly!
You are too injured to fight recklessly!
You are too injured to fight recklessly!
You are too injured to fight recklessly!
You are too injured to fight recklessly!
You closely miss the jackal.
The jackal is heavily wounded.
You hear a shout!
The jackal bites you but does no damage. x2
The jackal closely misses you.
The jackal bites you but does no damage.
The jackal pauses to sniff the ground.
The jackal closely misses you.
Casting: Song of Slaying (safe; 13% risk of failure)
Confirm with . or Enter, or press ? or * to list all spells.
You begin infusing your attacks with magical energy.
The jackal bites you. x2
The jackal bites you but does no damage.
The jackal barely misses you.
A sky beast and a hobgoblin come into view.
You hit the jackal.
The jackal is severely wounded.
The jackal closely misses you. The jackal bites you.
The jackal bites you but does no damage.
The jackal closely misses you.
The sky beast moves out of view.
The jackal bites you but does no damage.
You hit the jackal.
You kill the jackal!
The jackal bites you. The jackal misses you.
The jackal bites you but does no damage. x2
Unknown command.
Unknown command.
You barely miss the jackal.
The jackal bites you but does no damage.
The jackal bites you. The jackal closely misses you.
You thump the jackal!
You kill the jackal!
The jackal bites you.
* * * LOW HITPOINT WARNING * * *
The jackal barely misses you.
Unknown command.
You closely miss the jackal.
The jackal bites you but does no damage.
You hit the hobgoblin.
The hobgoblin is almost dead.
The jackal misses you. The hobgoblin hits you with a club.
* * * LOW HITPOINT WARNING * * *
The jackal barely misses you.
You closely miss the hobgoblin.
The hobgoblin is almost dead.
Your song is almost over.
The jackal bites you but does no damage.
The hobgoblin hits you but does no damage.
The jackal bites you but does no damage.
The hobgoblin barely misses you.
You hit the hobgoblin.
You kill the hobgoblin!
The jackal barely misses you.
The jackal bites you but does no damage.
The jackal closely misses you.
A bat comes into view.
Things that are here:
a club; a jackal corpse The jackal bites you but does no damage.
You sock the jackal!
You kill the jackal!
Your magical infusion is running out.
The bat hits you but does no damage.
You barely miss the sky beast.
Your song has ended.
The bat closely misses you. The sky beast barely misses you.
You thump the sky beast!
The sky beast is moderately wounded.
The bat barely misses you.
The sky beast flickers out of sight!
Deactivating autopickup; reactivate with Ctrl-A.
Something hits you but does no damage.
You closely miss something. The bat hits you but does no damage.
Something hits you but does no damage.
You miss something. The bat hits you but does no damage. Something hits you.
* * * LOW HITPOINT WARNING * * *
Something shocks you.
You die...

......... #+
.......#.
#.#.........
###.........#
..?.#......#
#.........#
#.........#
####.#b@#....#
.
......†){....#
>.
####.#..#....#
..
#.#%.#....#.#..
#......).....#
###.###.#.##.#.
#............
#####.###......
#.......#.#.##.


You could see a bat.

Vanquished Creatures
  An adder (D:2)
  An ooze (D:1)
  2 giant cockroaches (D:1)
  5 goblins (D:1)
  3 hobgoblins
  7 jackals
  6 bats (D:1)
  A frilled lizard (D:1)
  3 kobolds
  3 rats (D:1)
32 creatures vanquished.

Notes
Turn   | Place    | Note
-------+----------+-------------------------------------------
     0 | D:1      | sankara the Hill Orc Skald began the quest for the Orb.
     0 | D:1      | Reached XP level 1. HP: 18/18 MP: 3/3
   262 | D:1      | Reached XP level 2. HP: 12/25 MP: 0/4
   420 | D:1      | Learned a level 2 spell: Song of Slaying
   584 | D:1      | Reached skill level 3 in Maces & Flails
   856 | D:1      | Reached XP level 3. HP: 30/30 MP: 2/5
  1060 | D:1      | Reached skill level 3 in Charms
  1392 | D:2      | Reached skill level 2 in Spellcasting
  1415 | D:2      | HP: 7/30 [poisoned by an adder]
  1791 | D:2      | Noticed a sky beast
  1796 | D:2      | HP: 6/30 [hobgoblin/club (3)]
  1805 | D:2      | HP: 4/30 [something (3)]
  1805 | D:2      | Slain by a sky beast

Vault maps used:
D:1:      dpeg_arrival_oval, serial_curves, eino_curves_02, eino_curves_02
D:2:      uniq_jessica, uniq_sigmund, uniq_crazy_yiuf_cottage

Skill      XL: |  1  2  3 |
---------------+----------+-----
Maces & Flails | 3 |  3.5
Charms         | 3 |  3.0
Spellcasting   | 2 |  2.0
Fighting       | |  2.4
Armour         | |  1.1
Dodging        | |  1.5

Action                   || total
-------------------------++-------
Melee: Mace              ||   116
 Cast: Infusion          ||     3
       Song of Slaying   ||    12
  Eat: Chunk             ||     2
Armor: Leather armour    ||    82
Dodge: Dodged            ||   107

Table legend:
 A = Spawn XP
 B = Non-spawn XP
 C = Spawn XP percentage of total XP
 D = Spawn monster count
 E = Non-spawn monster count
 F = Spawn count percentage of total count
 G = Total turns spent on level
                    A         B        C        D         E        F      G
               +---------+---------+-------+---------+---------+-------+---------
         Total |       0 |      71 |   0.0 |       0 |      32 |   0.0 |  1805
               +---------+---------+-------+---------+---------+-------+---------
           D:1 |       0 |      48 |   0.0 |       0 |      26 |   0.0 |  1361
           D:2 |       0 |      23 |   0.0 |       0 |       6 |   0.0 |   444
               +---------+---------+-------+---------+---------+-------+---------

Vault maps used:
D:1:      dpeg_arrival_oval, serial_curves, eino_curves_02, eino_curves_02
D:2:      uniq_jessica, uniq_sigmund, uniq_crazy_yiuf_cottage

Table legend:
 A = Turns spent in this place as a percentage of turns spent in the entire game.
 B = Non-inter-level travel turns spent in this place as a percentage of non-inter-level travel turns spent in the entire game.
 C = Inter-level travel turns spent in this place as a percentage of turns spent in this place.
 D = Turns resting spent in this place as a percentage of non-inter-level travel turns spent in this place.
 E = Turns spent auto-exploring this place as a percentage of non-inter-level travel turns spent in this place.
 F = Non-inter-level travel turns spent in this place divided by the number of levels of this place that you've seen.
                   A       B       C       D       E      F
               +-------+-------+-------+-------+-------+----------------------
         Total | 100.0 | 100.0 |   4.2 |  36.1 |  46.8 | 864.5
       Dungeon | 100.0 | 100.0 |   4.2 |  36.1 |  46.8 | 864.5
               +-------+-------+-------+-------+-------+----------------------

Table legend:
 A = Kills in this place as a percentage of kills in entire the game.
 B = Kills by you in this place as a percentage of kills by you in the entire game.
 C = Kills by friends in this place as a percentage of kills by friends in the entire game.
 D = Other kills in this place as a percentage of other kills in the entire game.
 E = Experience gained in this place as a percentage of experience gained in the entire game.
 F = Experience gained in this place divided by the number of levels of this place that you have seen.
                   A       B       C       D       E      F
               +-------+-------+-------+-------+-------+----------------------
         Total | 100.0 | 100.0 |   N/A |   N/A | 100.0 |  35.5
       Dungeon | 100.0 | 100.0 |   N/A |   N/A | 100.0 |  35.5
               +-------+-------+-------+-------+-------+----------------------
